EL
RICHMOND FLYING SQUIRRELS @ NEW HAMPSHIRE FISHER CATS
04/20/2099
 
TOP OF THE 1ST
Richmond Flying Squirrels batting - Pitching for New Hampshire Fisher Cats : RHP Josue Toala
Pitching: RHP Josue Toala
Batting: RHB Carlos Rodriguez 0-0: Ball
1-0: Ground out 4-3 (Groundball, 34, EV 105.6 MPH)
Batting: RHB Nawaf Shafeeq 0-0: Ball
1-0: Ball
2-0: Ball
3-0: Called Strike
3-1: Swinging Strike
3-2: Base on Balls
Batting: RHB Craig Knopp 0-0: Called Strike
0-1: Ball
1-1: Foul Ball, location: 2F
1-2: Strikes out swinging
Batting: LHB Josh Layne 0-0: Called Strike
0-1: Swinging Strike
0-2: Foul Ball, location: 5FF
0-2: Strikes out swinging
Top of the 1st over - 0 runs, 0 hits, 0 errors, 1 left on base; Richmond 0 - New Hampshire 0
BOTTOM OF THE 1ST
New Hampshire Fisher Cats batting - Pitching for Richmond Flying Squirrels : LHP Adam Espinoza
Pitching: LHP Adam Espinoza
Batting: LHB Dan Richins 0-0: Ball
1-0: Called Strike
1-1: Swinging Strike
1-2: Ball
2-2: Foul Ball, location: 9LMF
2-2: Foul Ball, location: 2RF
2-2: Ball
3-2: Strikes out swinging
Batting: RHB Adam Terlizzi 0-0: Fly out, F7 (Flyball, 7D, EV 108.1 MPH)
Batting: RHB Walt Baranyi 0-0: Ball
1-0: Foul Ball, location: 2RF
1-1: Foul Ball, location: 25F
1-2: Ball
2-2: Ball
3-2: Fly out, F9 (Line Drive, 9, EV 90.0 MPH)
Bottom of the 1st over - 0 runs, 0 hits, 0 errors, 0 left on base; Richmond 0 - New Hampshire 0
TOP OF THE 2ND
Richmond Flying Squirrels batting - Pitching for New Hampshire Fisher Cats : RHP Josue Toala
Batting: RHB Dusty Sorenson 0-0: Ball
1-0: Foul Ball, location: 2F
1-1: SINGLE (Groundball, 6MD, EV 107.5 MPH)
Batting: LHB Eric Binder 0-0: Called Strike
Pickoff Throw to First - Out! 1-3
0-1: Ball
1-1: Ball
2-1: Foul Ball, location: 5F
2-2: Foul Ball, location: 9LMF
2-2: Strikes out swinging, 2-3 out at first.
Batting: RHB Luis Henad 0-0: Ball
1-0: Called Strike
1-1: Foul Ball, location: 2F
1-2: Strikes out swinging
Top of the 2nd over - 0 runs, 1 hit, 0 errors, 0 left on base; Richmond 0 - New Hampshire 0
BOTTOM OF THE 2ND
New Hampshire Fisher Cats batting - Pitching for Richmond Flying Squirrels : LHP Adam Espinoza
Batting: SHB Jody Holman 0-0: Called Strike
0-1: Ball
1-1: Called Strike
1-2: Strikes out swinging
Batting: RHB Pablo Pizarro 0-0: Ball
1-0: Foul Ball, location: 2F
1-1: Ball
2-1: Foul Ball, location: 2F
2-2: Ball
3-2: Strikes out swinging
Batting: RHB Matt Robertson 0-0: Ball
1-0: Fly out, F9 (Line Drive, 9S, EV 88.1 MPH)
Bottom of the 2nd over - 0 runs, 0 hits, 0 errors, 0 left on base; Richmond 0 - New Hampshire 0
TOP OF THE 3RD
Richmond Flying Squirrels batting - Pitching for New Hampshire Fisher Cats : RHP Josue Toala
Batting: RHB Kevin Berry 0-0: Swinging Strike
0-1: Called Strike
0-2: Ball
1-2: SINGLE (Groundball, 25, EV 70.0 MPH) (infield hit)
Batting: SHB Paul DiPietro 0-0: Ball
1-0: Ball
2-0: Bunted foul
2-1: Bunted foul
2-2: Ball
3-2: Foul Ball, location: 5F
3-2: Grounds into double play, 6-4-3 (Groundball, 6M, EV 105.6 MPH)
Batting: RHB Carlos Rodriguez 0-0: Ball
1-0: Swinging Strike
1-1: Ball
2-1: Ground out 6-3 (Groundball, 6, EV 86.3 MPH)
Top of the 3rd over - 0 runs, 1 hit, 0 errors, 0 left on base; Richmond 0 - New Hampshire 0
BOTTOM OF THE 3RD
New Hampshire Fisher Cats batting - Pitching for Richmond Flying Squirrels : LHP Adam Espinoza
Batting: LHB Dave Tolbert 0-0: SINGLE (Groundball, 34D, EV 94.4 MPH)
Batting: RHB Paul Mulligan 0-0: Ball
1-0: Ball
2-0: Bunt missed!
2-1: Sac Bunt to 5S - play at second, runner OUT! 5-6
Batting: RHB Jose Grijalva 0-0: Foul Ball, location: 2F
0-1: Grounds into double play, 6-4-3 (Groundball, 6, EV 89.4 MPH)
Bottom of the 3rd over - 0 runs, 1 hit, 0 errors, 0 left on base; Richmond 0 - New Hampshire 0
TOP OF THE 4TH
Richmond Flying Squirrels batting - Pitching for New Hampshire Fisher Cats : RHP Josue Toala
Batting: RHB Nawaf Shafeeq 0-0: Ground out 1-3 (Groundball, 13S, EV 66.3 MPH)
Batting: RHB Craig Knopp 0-0: SINGLE (Line Drive, 89M, EV 85.0 MPH)
Batting: LHB Josh Layne 0-0: Ball
1-0: Called Strike
1-1: Foul Ball, location: 2F
1-2: Ball
2-2: Grounds into double play, 4-6-3 (Groundball, 4D, EV 98.1 MPH)
Top of the 4th over - 0 runs, 1 hit, 0 errors, 0 left on base; Richmond 0 - New Hampshire 0
BOTTOM OF THE 4TH
New Hampshire Fisher Cats batting - Pitching for Richmond Flying Squirrels : LHP Adam Espinoza
Batting: LHB Dan Richins 0-0: Ball
1-0: Fly out, F9 (Line Drive, 9LM, EV 92.5 MPH)
Batting: RHB Adam Terlizzi 0-0: Ball
1-0: Ground out 4-3 (Groundball, 34, EV 85.6 MPH)
Batting: RHB Walt Baranyi 0-0: Ball
1-0: Foul Ball, location: 2F
1-1: Fly out, F4 (Popup, 4S, EV 70.0 MPH)
Bottom of the 4th over - 0 runs, 0 hits, 0 errors, 0 left on base; Richmond 0 - New Hampshire 0
TOP OF THE 5TH
Richmond Flying Squirrels batting - Pitching for New Hampshire Fisher Cats : RHP Josue Toala
Batting: RHB Dusty Sorenson 0-0: Called Strike
0-1: Ball
1-1: Ground out 4-3 (Groundball, 4S, EV 93.1 MPH)
Batting: LHB Eric Binder 0-0: Ball
1-0: Called Strike
1-1: Ball
2-1: Called Strike
2-2: Fly out, F7 (Flyball, 7D, EV 103.8 MPH)
Batting: RHB Luis Henad 0-0: Ball
1-0: Ball
2-0: Called Strike
2-1: SOLO HOME RUN (Flyball, 7D, EV 103.1 MPH), Distance : 393 ft
Batting: RHB Kevin Berry 0-0: Ball
1-0: Called Strike
1-1: Foul Ball, location: 9LSF
1-2: Ball
2-2: Foul Ball, location: 25FF
2-2: Ball
3-2: Strikes out swinging
Top of the 5th over - 1 run, 1 hit, 0 errors, 0 left on base; Richmond 1 - New Hampshire 0
BOTTOM OF THE 5TH
New Hampshire Fisher Cats batting - Pitching for Richmond Flying Squirrels : LHP Adam Espinoza
Batting: SHB Jody Holman 0-0: Ball
1-0: Fly out, F3 (Popup, 3SF, EV 85.0 MPH)
Batting: RHB Pablo Pizarro 0-0: Foul Ball, location: 25FF
0-1: Fly out, F8 (Flyball, 8RM, EV 95.0 MPH)
Batting: RHB Matt Robertson 0-0: Ball
1-0: Ball
2-0: Ball
3-0: Base on Balls
Batting: LHB Dave Tolbert 0-0: Swinging Strike
0-1: Ball
1-1: Called Strike
1-2: Ground out 5-3 (Groundball, 56S, EV 86.9 MPH)
Bottom of the 5th over - 0 runs, 0 hits, 0 errors, 1 left on base; Richmond 1 - New Hampshire 0
TOP OF THE 6TH
Richmond Flying Squirrels batting - Pitching for New Hampshire Fisher Cats : RHP Josue Toala
Batting: SHB Paul DiPietro 0-0: Ball
1-0: Swinging Strike
1-1: Foul Ball, location: 3FF
1-2: Strikes out swinging
Batting: RHB Carlos Rodriguez 0-0: Called Strike
0-1: Foul Ball, location: 2F
0-2: Ball
1-2: Strikes out looking
Batting: RHB Nawaf Shafeeq 0-0: Called Strike
0-1: Ball
1-1: Fly out, F8 (Flyball, 8RS, EV 87.5 MPH)
Top of the 6th over - 0 runs, 0 hits, 0 errors, 0 left on base; Richmond 1 - New Hampshire 0
BOTTOM OF THE 6TH
New Hampshire Fisher Cats batting - Pitching for Richmond Flying Squirrels : LHP Adam Espinoza
Batting: RHB Paul Mulligan 0-0: Fly out, F9 (Flyball, 9, EV 86.3 MPH)
Batting: RHB Jose Grijalva 0-0: Ball
1-0: Ball
2-0: Ball
3-0: Called Strike
3-1: Swinging Strike
3-2: Strikes out looking
Batting: LHB Dan Richins 0-0: Called Strike
0-1: Ball
1-1: Swinging Strike
1-2: Ball
2-2: DOUBLE (Line Drive, 89D, EV 105.6 MPH)
Batting: RHB Adam Terlizzi 0-0: Ball
1-0: Foul Ball, location: 2RF
1-1: Called Strike
1-2: Ball
2-2: Strikes out swinging
Bottom of the 6th over - 0 runs, 1 hit, 0 errors, 1 left on base; Richmond 1 - New Hampshire 0
TOP OF THE 7TH
Richmond Flying Squirrels batting - Pitching for New Hampshire Fisher Cats : RHP Josue Toala
Batting: RHB Craig Knopp 0-0: Ball
1-0: Fly out, F7 (Line Drive, 78M, EV 102.5 MPH)
Batting: LHB Josh Layne 0-0: Ball
1-0: Ball
2-0: Ball
3-0: Base on Balls
Pitching: RHP Rich Rowley
Batting: RHB Dusty Sorenson 0-0: Swinging Strike
0-1: SINGLE (Groundball, 34D, EV 94.4 MPH)
Josh Layne to second
Runner from 2nd tries for 3rd, SAFE, throw by RF made to third
Batting: LHB Eric Binder 0-0: Ball
1-0: Ball
2-0: DOUBLE (Flyball, 78XD, EV 95.6 MPH)
Josh Layne scores
Dusty Sorenson to third
Runner from 3rd tries for Home, SAFE, no throw by CF
Pitching: LHP Pete Wimmer
Batting: RHB Luis Henad 0-0: Ball
1-0: Called Strike
1-1: Called Strike
1-2: Strikes out swinging
Batting: RHB Kevin Berry 0-0: Ball
1-0: Ground out 6-3 (Groundball, 56, EV 102.5 MPH)
Top of the 7th over - 2 runs, 2 hits, 0 errors, 1 left on base; Richmond 3 - New Hampshire 0
BOTTOM OF THE 7TH
New Hampshire Fisher Cats batting - Pitching for Richmond Flying Squirrels : LHP Adam Espinoza
Batting: RHB Walt Baranyi 0-0: Fly out, F8 (Flyball, 8LD, EV 98.8 MPH)
Batting: SHB Jody Holman 0-0: Ground out U3 (Groundball, 3, EV 81.9 MPH)
Batting: RHB Pablo Pizarro 0-0: Called Strike
0-1: Called Strike
0-2: Strikes out swinging
Bottom of the 7th over - 0 runs, 0 hits, 0 errors, 0 left on base; Richmond 3 - New Hampshire 0
TOP OF THE 8TH
Richmond Flying Squirrels batting - Pitching for New Hampshire Fisher Cats : LHP Pete Wimmer
Batting: SHB Paul DiPietro 0-0: Ball
1-0: Called Strike
1-1: Foul Ball, location: 5SF
1-2: Ball
2-2: Ground out 6-3 (Groundball, 6, EV 86.9 MPH)
Batting: RHB Carlos Rodriguez 0-0: Ball
1-0: Ball
2-0: Fly out, F2 (Popup, 2RF, EV 95.0 MPH)
Batting: RHB Nawaf Shafeeq 0-0: Ball
1-0: Ball
2-0: Foul Ball, location: 3DF
2-1: DOUBLE (Groundball, 5L, EV 101.3 MPH)
Batting: RHB Craig Knopp 0-0: Ball
1-0: Called Strike
1-1: Swinging Strike
1-2: Ball
2-2: Strikes out swinging
Top of the 8th over - 0 runs, 1 hit, 0 errors, 1 left on base; Richmond 3 - New Hampshire 0
BOTTOM OF THE 8TH
New Hampshire Fisher Cats batting - Pitching for Richmond Flying Squirrels : LHP Adam Espinoza
Batting: RHB Matt Robertson 0-0: Swinging Strike
0-1: Ball
1-1: Ball
2-1: Fly out, F7 (Flyball, 7S, EV 87.5 MPH)
Pinch Hitting: RHB Julio Correa 0-0: Called Strike
0-1: Ball
1-1: Foul Ball, location: 2F
1-2: Foul Ball, location: 2F
1-2: SINGLE (Line Drive, 89S, EV 103.1 MPH)
Pitching: RHP Jules Hickman
Batting: RHB Paul Mulligan 0-0: Ball
1-0: Ball
2-0: SINGLE (Groundball, 6MD, EV 97.5 MPH)
Julio Correa to second
Pinch Hitting: SHB Jasper Raucci 0-0: Ball
1-0: Foul Ball, location: 3FF
1-1: Foul Ball, location: 2F
1-2: Ball
2-2: Ball
3-2: Base on Balls
Julio Correa to third
Paul Mulligan to second
Batting: LHB Dan Richins 0-0: Ball
1-0: Ball
2-0: Fly out, F9 (Line Drive, 89M, EV 93.1 MPH)
Runner from 3rd tags up, SCORES, throw by RF
Paul Mulligan to third
Batting: RHB Adam Terlizzi 0-0: Ball
1-0: Foul Ball, location: 2F
1-1: Ball
2-1: Foul Ball, location: 2F
2-2: SINGLE (Groundball, 3S, EV 66.9 MPH) (infield hit)
Paul Mulligan scores
Jasper Raucci to second
Batting: RHB Walt Baranyi 0-0: Called Strike
0-1: Foul Ball, location: 3FF
0-2: Fly out, F8 (Flyball, 89M, EV 95.6 MPH)
Bottom of the 8th over - 2 runs, 3 hits, 0 errors, 2 left on base; Richmond 3 - New Hampshire 2
TOP OF THE 9TH
Richmond Flying Squirrels batting - Pitching for New Hampshire Fisher Cats : LHP Pete Wimmer
Now at 2B: Julio Correa
Now at 3B: Mario Mendez
Batting: LHB Josh Layne 0-0: Called Strike
0-1: Ball
1-1: Foul Ball, location: 2F
1-2: Ball
2-2: Strikes out swinging
Batting: RHB Dusty Sorenson 0-0: Called Strike
0-1: SINGLE (Line Drive, 4M, EV 102.5 MPH)
Batting: LHB Eric Binder 0-0: Foul Ball, location: 7LSF
0-1: Ball
1-1: Fly out, F8 (Flyball, 78M, EV 95.6 MPH)
Batting: RHB Luis Henad 0-0: Called Strike
0-1: Called Strike
0-2: Ball
1-2: Ball
2-2: Ball
3-2: Ground out U3 (Groundball, 3L, EV 81.3 MPH)
Top of the 9th over - 0 runs, 1 hit, 0 errors, 1 left on base; Richmond 3 - New Hampshire 2
BOTTOM OF THE 9TH
New Hampshire Fisher Cats batting - Pitching for Richmond Flying Squirrels : RHP Jules Hickman
Now at 1B: Nawaf Shafeeq
Now at 2B: Alex Vasquez
Batting: SHB Jody Holman 0-0: Called Strike
0-1: Fly out, F9 (Flyball, 9LM, EV 89.4 MPH)
Batting: RHB Pablo Pizarro 0-0: Called Strike
0-1: Ball
1-1: Foul Ball, location: 25FF
1-2: Strikes out swinging
Batting: RHB Matt Robertson 0-0: Ball
1-0: Called Strike
1-1: Swinging Strike
1-2: SINGLE (Groundball, 56, EV 91.3 MPH)
Batting: RHB Julio Correa 0-0: Ball
1-0: Foul Ball, location: 2F
1-1: Called Strike
1-2: Ball
2-2: SINGLE (Line Drive, 9S, EV 97.5 MPH)
Matt Robertson to second
Runner from 2nd tries for 3rd, SAFE, no throw by RF
Pinch Hitting: RHB Dave Mayorga 0-0: Ball
1-0: Ball
2-0: Called Strike
2-1: Called Strike
2-2: Ball
3-2: Ground out 1-3 (Groundball, 13S, EV 67.5 MPH)
Bottom of the 9th over - 0 runs, 2 hits, 0 errors, 2 left on base; Richmond 3 - New Hampshire 2
Friday, May 3rd , 2024 - OOTP Baseball 24.11 Build 85